 Dungeon Crawl Stone Soup version 0.29.1-15-g9cfb28693d (webtiles) character file.

Game seed: 7770388810660814492

453 Zombeaver the Chopper (level 6, -6/55 HPs)
             Began as a Minotaur Berserker on Feb 27, 2023.
             Was a Believer of Trog.
             Killed from afar by Dowan (16 damage)
             ... with a shard of ice
             ... on level 4 of the Dungeon.
             The game lasted 00:21:06 (2950 turns).

Zombeaver the Chopper (Minotaur Berserker)          Turns: 2950, Time: 00:21:06

Health: -6/55      AC: 12    Str: 21    XL:     6   Next: 75%
Magic:  5/5        EV:  7    Int:  4    God:    Trog [**....]
Gold:   184        SH:  0    Dex: 12    Spells: 5/5 levels left

rFire   . . .      SeeInvis .   w - +3 halberd
rCold   . . .      Faith    .   (shield currently unavailable)
rNeg    . . .      Spirit   .   n - +0 plate armour
rPois   .          Reflect  .   (helmet restricted)
rElec   .          Harm     .   (no cloak)
rCorr   .          Rampage  .   (no gloves)
Will    .....                   (no boots)
Stlth   ..........              (no amulet)
HPRegen 0.18/turn               (no ring)
MPRegen 0.09/turn               (no ring)

@: no status effects
A: horns 2, retaliatory headbutt
a: Renounce Religion, Berserk, Trog's Hand


You were on level 4 of the Dungeon.
You worshipped Trog.
Trog was pleased with you.
You visited 1 branch of the dungeon, and saw 4 of its levels.

You collected 184 gold pieces.

Inventory:

Hand Weapons
 a - a +0 hand axe
 h - a +0 sling
 m - a +2 short sword of venom
 w - a +3 halberd (weapon)
Missiles
 f - 10 stones (quivered)
Armour
 b - a +0 animal skin
 n - a +0 plate armour (worn)
Scrolls
 c - 4 scrolls of amnesia {unknown}
 d - 3 scrolls of identify {unknown}
 i - a scroll of magic mapping {unknown}
 k - 2 scrolls of torment {unknown}
 l - 2 scrolls of fear {unknown}
 o - a scroll of enchant weapon {unknown}
 q - 2 scrolls of teleportation {unknown}
 r - a scroll of vulnerability {unknown}
 s - a scroll of poison {unknown}
 t - 2 scrolls of immolation {unknown}
 x - a scroll of acquirement {unknown}
Potions
 e - 2 potions of mutation {unknown}
 g - 4 potions of curing
 j - a potion of lignification {unknown}
 p - a potion of resistance {unknown}
 u - 2 potions of heal wounds {unknown}
 v - a potion of haste {unknown}
 z - a potion of degeneration {unknown}


   Skills:
 * Level 4.9 Fighting
 * Level 6.1(6.2) Axes
 * Level 1.4(4.1) Polearms
 * Level 1.5 Throwing
 * Level 4.5 Armour
 * Level 3.2 Dodging
 * Level 1.6 Stealth


You had 5 spell levels left.
You didn't know any spells.
Your spell library was empty.

Dungeon Overview and Level Annotations

Branches:
Dungeon (4/15)
 Temple: D:4-7

Altars:
Ashenzari

Annotations:
D:4 Dowan


Innate Abilities, Weirdness & Mutations

You have a pair of horns on your head.
You reflexively headbutt those who attack you in melee.


Message History

The hobgoblin hits you but does no damage.
The orc priest casts a cantrip, but nothing happens.
The orc attacks as you move away! The orc barely misses you.
The orc attacks as you move away! The orc hits you but does no damage.
You feel the effects of Trog's Hand fading.
Things that are here:
a +0 flail; a +0 ring mail Dowan shakes with grief.
You barely miss the orc. The orc hits you but does no damage.
You closely miss the orc.
Dowan gestures wildly while chanting.
Dowan blinks!
The orc hits you but does no damage.
Dowan points at you and mumbles some strange words.
The stone arrow hits you.
You hit the orc. Your headbutt misses the orc.
The orc is heavily wounded.
The orc hits you but does no damage. Dowan hits you with a +0 dagger.
The orc hits you but does no damage.
You closely miss Dowan. Your headbutt misses Dowan.
Your skin stops crawling.
You feel less strong-willed. Dowan hits you with a +0 dagger.
Dowan points at you and mumbles some strange words.
The stone arrow hits you!! The orc hits you but does no damage.
You miss Dowan. You headbutt Dowan.
Dowan is lightly wounded.
Dowan hits you with a +0 dagger. The orc hits you but does no damage.
Dowan hits you with a +0 dagger.
You slash Dowan!
Dowan is heavily wounded.
Dowan points at you and mumbles some strange words.
The shard of ice hits you!!
* * * LOW HITPOINT WARNING * * *
The orc priest calls upon Beogh to heal the orc.
The orc's wounds heal themselves!
The orc hits you but does no damage. Dowan hits you with a +0 dagger.
* * * LOW HITPOINT WARNING * * *
You feel better. The orc hits you but does no damage.
Dowan points at you and mumbles some strange words.
The shard of ice hits you!
You die...

#.........##.#...
#..........#.##.#
####............##.#
#................#..
#...........<.......
#..g......#..###!...
###oo.##..........[)
#o####..#......<..
#@# #..#.#....[..
###e# #....##).....
#...# ....###..###.
#.### #....##..... .
#.# #...##..####..
#.#####...#... . #.#
.......... . #.#
..........
####.##..........


You could see Dowan (fast), an orc priest, 2 orcs and a hobgoblin.

Vanquished Creatures
  Duvessa (D:4)
  A black bear (D:3)
  A centaur (D:3)
  An orc priest (D:4)
  An iguana (D:3)
  2 adders (D:3)
  4 gnolls (D:3)
  A worm (D:2)
  4 dart slugs
  3 orcs (D:4)
  7 bats
  9 endoplasms
  A giant cockroach (D:3)
  4 goblins
  3 hobgoblins
  6 quokkas
  2 ball pythons (D:2)
  3 frilled lizards
  4 kobolds
  4 rats
62 creatures vanquished.

Vanquished Creatures (others)
  2 plants (D:3)
2 creatures vanquished.

Grand Total: 64 creatures vanquished

Notes
Turn   | Place    | Note
-------+----------+-------------------------------------------
     0 | D:1      | Zombeaver the Minotaur Berserker began the quest for the
                  | Orb.
     0 | D:1      | Reached XP level 1. HP: 19/19 MP: 0/0
   185 | D:1      | Reached XP level 2. HP: 21/27 MP: 1/1
   344 | D:1      | Reached skill level 4 in Axes
  1168 | D:2      | Reached XP level 3. HP: 31/33 MP: 2/2
  1190 | D:2      | Found a broken altar of Ashenzari.
  1250 | D:2      | Found a faded altar of an unknown god.
  1508 | D:2      | Reached ** piety under Trog
  2179 | D:3      | Reached XP level 4. HP: 40/40 MP: 3/3
  2270 | D:3      | Reached skill level 5 in Axes
  2270 | D:3      | Reached skill level 1 in Stealth
  2663 | D:4      | Noticed a centaur
  2663 | D:4      | Noticed a black bear
  2670 | D:3      | Killed a centaur
  2671 | D:3      | Reached skill level 1 in Throwing
  2671 | D:3      | Reached XP level 5. HP: 42/47 MP: 4/4
  2675 | D:4      | Noticed Duvessa
  2680 | D:3      | Killed a black bear
  2681 | D:3      | Reached skill level 1 in Polearms
  2681 | D:3      | Reached XP level 6. HP: 19/53 MP: 5/5
  2746 | D:4      | Killed Duvessa
  2747 | D:4      | Reached skill level 6 in Axes
  2926 | D:4      | Noticed Dowan
  2949 | D:4      | HP: 2/55 [Dowan/+0 dagger (1)]
  2950 | D:4      | Killed from afar by Dowan

Illustrated notes

Levels and vault maps discovered:
D:1:      minmay_arrival_stone_box, layout_basic
D:2:      layout_basic, chequers_ecumenical_altar_island, basic_altar,
          dk_vineyard_3
D:3:      layout_basic, serial_bayou_pond_a
D:4:      layout_rooms, minmay_temple_entry_junction_2, uniq_duvessa, uniq_ijyb

Skill      XL: |  1  2  3  4  5  6 |
---------------+-------------------+-----
Axes           | 4 5 6 |  6.1
Fighting       | 4 |  4.9
Armour         | 3 4 |  4.5
Stealth        | 1 |  1.6
Throwing       | 1 |  1.5
Polearms       | 1 |  1.4
Dodging        | 3 |  3.2

Action                   |  1- 3 |  4- 6 || total
-------------------------+-------+-------++-------
Melee: Hand axe          |   103 |    19 ||   122
       Headbutt          |    20 |     7 ||    27
       Punch             |     1 |       ||     1
       Halberd           |       |    32 ||    32
Invok: Trog's Hand       |       |     2 ||     2
       Berserk           |       |     1 ||     1
  Use: Potion            |       |     2 ||     2
Armor: Animal skin       |     3 |       ||     3
       Ring mail         |     2 |       ||     2
       Plate armour      |    48 |    60 ||   108
Dodge: Dodged            |    33 |    25 ||    58
